TOP OF THE 1ST |
New Hampshire Fisher Cats batting - Pitching for Gainesville Guidos : RHP John Jones
|
Pitching: RHP John Jones
|
|
Batting: RHB Franklin Lawrence
|
0-0: Ball 1-0: Ball 2-0: Called Strike 2-1: Foul Ball, location: 2F 2-2: Strikes out swinging
|
Batting: RHB Michael Kent
|
0-0: Ball 1-0: Ball 2-0: Called Strike 2-1: Ground out 4-3 (Groundball, 4)
|
Batting: RHB Anthony Hezell
|
0-0: Called Strike 0-1: Ball 1-1: Ground out 4-3 (Groundball, 13)
|
Top of the 1st over - 0 run(s), 0 hit(s), 0 error(s), 0 left on base; New Hampshire 0 - Gainesville 0 |
BOTTOM OF THE 1ST |
Gainesville Guidos batting - Pitching for New Hampshire Fisher Cats : RHP Jeff Thompson
|
Pitching: RHP Jeff Thompson
|
|
Batting: RHB Iván Moreno
|
0-0: SINGLE (Groundball, 34D) (infield hit)
|
Batting: RHB John Little
|
0-0: Ball 1-0: Foul Ball, location: 2F 1-1: Grounds into double play, 6-4-3 (Groundball, 6M)
|
Batting: LHB Mark Owens
|
0-0: Ball 1-0: Ball 2-0: Ball 3-0: Base on Balls
|
Batting: RHB Doug Coleman
|
0-0: Ball 1-0: Ball 2-0: Foul Ball, location: 2F 2-1: Ball 3-1: Called Strike 3-2: Strikes out swinging
|
Bottom of the 1st over - 0 run(s), 1 hit(s), 0 error(s), 1 left on base; New Hampshire 0 - Gainesville 0 |
TOP OF THE 2ND |
New Hampshire Fisher Cats batting - Pitching for Gainesville Guidos : RHP John Jones
|
Batting: LHB Cam Flowers
|
0-0: Fly out, F7 (Flyball, 7LM)
|
Batting: RHB Felipe Rivas
|
0-0: Fly out, F9 (Flyball, 9S)
|
Batting: RHB Si-xun Li
|
0-0: Ball 1-0: Ball 2-0: Foul Ball, location: 2F 2-1: Fly out, F5 (Popup, 5SF)
|
Top of the 2nd over - 0 run(s), 0 hit(s), 0 error(s), 0 left on base; New Hampshire 0 - Gainesville 0 |
BOTTOM OF THE 2ND |
Gainesville Guidos batting - Pitching for New Hampshire Fisher Cats : RHP Jeff Thompson
|
Batting: RHB Kurt Walter
|
0-0: SOLO HOME RUN (Flyball, 78XD), Distance : 404 ft
|
Batting: RHB Lynn Ford
|
0-0: Ball 1-0: Called Strike 1-1: Ball 2-1: Ball 3-1: SINGLE (Groundball, 6D) (infield hit)
|
Batting: SHB Will Evans
|
0-0: Called Strike 0-1: Ball 1-1: Ball 2-1: SINGLE (Flyball, 8RS) Lynn Ford to second Runner from 2nd tries for 3rd, SAFE, throw made to third
|
Batting: RHB Kyle O'Day
|
0-0: Ball 1-0: Called Strike 1-1: Fly out, F8 (Flyball, 89D) Runner from 3rd tags up, SCORES, no throw
|
Batting: RHB Júlio Galló
|
0-0: Ball 1-0: Called Strike 1-1: SINGLE (Line Drive, 9S) Will Evans to second Runner from 2nd tries for 3rd, SAFE, no throw or cutoff
|
Batting: RHB Iván Moreno
|
0-0: Ground out 3-1 (Groundball, 34) Will Evans scores Júlio Galló to second
|
Batting: RHB John Little
|
0-0: Ball 1-0: Ball 2-0: Called Strike 2-1: Ground out 4-3 (Groundball, 4M)
|
Bottom of the 2nd over - 3 run(s), 4 hit(s), 0 error(s), 1 left on base; New Hampshire 0 - Gainesville 3 |
TOP OF THE 3RD |
New Hampshire Fisher Cats batting - Pitching for Gainesville Guidos : RHP John Jones
|
Batting: RHB Benjamin Lawson
|
0-0: Bunt for hit - play at first, batter safe!
|
Batting: LHB Tony Rivera
|
0-0: Ball 1-0: Ball 2-0: Ball 3-0: Called Strike 3-1: Foul Ball, location: 2F 3-2: Fly out, F5 (Popup, 5F)
|
Batting: SHB Keith Gratton
|
0-0: Foul Ball, location: 2F 0-1: Ground out 4-3 (Groundball, 4M) Benjamin Lawson to second
|
Batting: RHB Franklin Lawrence
|
0-0: Ball 1-0: Fly out, F7 (Flyball, 8LM)
|
Top of the 3rd over - 0 run(s), 1 hit(s), 0 error(s), 1 left on base; New Hampshire 0 - Gainesville 3 |
BOTTOM OF THE 3RD |
Gainesville Guidos batting - Pitching for New Hampshire Fisher Cats : RHP Jeff Thompson
|
Batting: LHB Mark Owens
|
0-0: Ball 1-0: Ground out 6-3 (Groundball, 6)
|
Batting: RHB Doug Coleman
|
0-0: Ball 1-0: Ball 2-0: Called Strike 2-1: Foul Ball, location: 2F 2-2: Ball 3-2: Foul Ball, location: 2F 3-2: DOUBLE (Line Drive, 78M)
|
Batting: RHB Kurt Walter
|
0-0: Called Strike 0-1: Ball 1-1: Ball 2-1: Ball 3-1: Base on Balls
|
Batting: RHB Lynn Ford
|
0-0: Ball 1-0: Foul Ball, location: 2F 1-1: Fielders Choice at 2nd, 2-6 (Groundball, 2R) Doug Coleman to third
|
Batting: SHB Will Evans
|
0-0: Foul Ball, location: 2F 0-1: Ball 1-1: SINGLE (Line Drive, 6D) Doug Coleman scores Lynn Ford to second
|
Batting: RHB Kyle O'Day
|
0-0: Foul Ball, location: 2F 0-1: Ball 1-1: Foul Ball, location: 2F 1-2: Strikes out swinging
|
Bottom of the 3rd over - 1 run(s), 2 hit(s), 0 error(s), 2 left on base; New Hampshire 0 - Gainesville 4 |
TOP OF THE 4TH |
New Hampshire Fisher Cats batting - Pitching for Gainesville Guidos : RHP John Jones
|
Batting: RHB Michael Kent
|
0-0: Called Strike 0-1: Foul Ball, location: 2F 0-2: Ball 1-2: Ball 2-2: Strikes out swinging
|
Batting: RHB Anthony Hezell
|
0-0: Ball 1-0: Ball 2-0: Called Strike 2-1: Foul Ball, location: 2F 2-2: Foul Ball, location: 2F 2-2: Foul Ball, location: 2F 2-2: Foul Ball, location: 2F 2-2: Strikes out swinging
|
Batting: LHB Cam Flowers
|
0-0: Ball 1-0: Swinging Strike 1-1: Ball 2-1: Foul Ball, location: 2F 2-2: Ball 3-2: Ground out 4-3 (Groundball, 4)
|
Top of the 4th over - 0 run(s), 0 hit(s), 0 error(s), 0 left on base; New Hampshire 0 - Gainesville 4 |
BOTTOM OF THE 4TH |
Gainesville Guidos batting - Pitching for New Hampshire Fisher Cats : RHP Jeff Thompson
|
Batting: RHB Júlio Galló
|
0-0: Called Strike 0-1: Fly out, F8 (Flyball, 8LXD)
|
Batting: RHB Iván Moreno
|
0-0: Ball 1-0: Foul Ball, location: 2F 1-1: Ground out 5-3 (Groundball, 56S)
|
Batting: RHB John Little
|
0-0: Ball 1-0: Ball 2-0: DOUBLE (Line Drive, 89D) - OUT at third base trying to stretch hit.
|
Bottom of the 4th over - 0 run(s), 1 hit(s), 0 error(s), 0 left on base; New Hampshire 0 - Gainesville 4 |
TOP OF THE 5TH |
New Hampshire Fisher Cats batting - Pitching for Gainesville Guidos : RHP John Jones
|
Batting: RHB Felipe Rivas
|
0-0: Ball 1-0: Ball 2-0: Swinging Strike 2-1: Fly out, F6 (Popup, 56)
|
Batting: RHB Si-xun Li
|
0-0: Fly out, F8 (Popup, 8LS)
|
Batting: RHB Benjamin Lawson
|
0-0: Called Strike 0-1: Swinging Strike 0-2: Foul Ball, location: 2F 0-2: Foul Ball, location: 2F 0-2: Ball 1-2: Ball 2-2: Strikes out swinging
|
Top of the 5th over - 0 run(s), 0 hit(s), 0 error(s), 0 left on base; New Hampshire 0 - Gainesville 4 |
BOTTOM OF THE 5TH |
Gainesville Guidos batting - Pitching for New Hampshire Fisher Cats : RHP Jeff Thompson
|
Batting: LHB Mark Owens
|
0-0: Fly out, F6 (Line Drive, 6)
|
Batting: RHB Doug Coleman
|
0-0: Called Strike 0-1: SINGLE (Line Drive, 7LS)
|
Batting: RHB Kurt Walter
|
0-0: Ball 1-0: Foul Ball, location: 2F 1-1: Foul Ball, location: 2F 1-2: Ball Wild Pitch! Doug Coleman to second 2-2: TRIPLE (Line Drive, 8LD) Doug Coleman scores
|
Batting: RHB Lynn Ford
|
0-0: Called Strike 0-1: Ball 1-1: SINGLE (Line Drive, 3D) Kurt Walter scores
|
Pitching: RHP Jesús Ortíz
|
|
Batting: SHB Will Evans
|
0-0: Called Strike 0-1: Fielders Choice at 2nd, 4-6 (Groundball, 4)
|
Batting: RHB Kyle O'Day
|
0-0: Called Strike 0-1: Called Strike Will Evans steals 2nd base 0-2: Fly out, F7 (Flyball, 78XD)
|
Bottom of the 5th over - 2 run(s), 3 hit(s), 0 error(s), 1 left on base; New Hampshire 0 - Gainesville 6 |
TOP OF THE 6TH |
New Hampshire Fisher Cats batting - Pitching for Gainesville Guidos : RHP John Jones
|
Batting: LHB Tony Rivera
|
0-0: Called Strike 0-1: Foul Ball, location: 2F 0-2: Ball 1-2: Ground out 5-3 (Groundball, 5S)
|
Batting: SHB Keith Gratton
|
0-0: Swinging Strike 0-1: Ball 1-1: Foul Ball, location: 2F 1-2: Foul Ball, location: 2F 1-2: Fly out, F7 (Line Drive, 7LM)
|
Batting: RHB Franklin Lawrence
|
0-0: Called Strike 0-1: Foul Ball, location: 2F 0-2: Ball 1-2: Ball 2-2: Fly out, F8 (Flyball, 8LM)
|
Top of the 6th over - 0 run(s), 0 hit(s), 0 error(s), 0 left on base; New Hampshire 0 - Gainesville 6 |
BOTTOM OF THE 6TH |
Gainesville Guidos batting - Pitching for New Hampshire Fisher Cats : RHP Jesús Ortíz
|
Batting: RHB Júlio Galló
|
0-0: Ball 1-0: Ball 2-0: Fly out, F7 (Popup, 6MD)
|
Batting: RHB Iván Moreno
|
0-0: Ground out U3 (Groundball, 3L)
|
Batting: RHB John Little
|
0-0: SINGLE (Line Drive, 34D)
|
Batting: LHB Mark Owens
|
0-0: Swinging Strike 0-1: Ground out 4-3 (Groundball, 34)
|
Bottom of the 6th over - 0 run(s), 1 hit(s), 0 error(s), 1 left on base; New Hampshire 0 - Gainesville 6 |
TOP OF THE 7TH |
New Hampshire Fisher Cats batting - Pitching for Gainesville Guidos : RHP John Jones
|
Batting: RHB Michael Kent
|
0-0: Ball 1-0: SINGLE (Line Drive, 7S)
|
Batting: RHB Anthony Hezell
|
0-0: Foul Ball, location: 2F 0-1: Ground out 5-3 (Groundball, 5S) Michael Kent to second
|
Batting: LHB Cam Flowers
|
0-0: Called Strike 0-1: Ball 1-1: Ground out 1-3 (Groundball, 15S)
|
Batting: RHB Felipe Rivas
|
0-0: SINGLE (Line Drive, 4MD) Michael Kent to third Runner from 3rd tries for Home, SAFE, throw made home Felipe Rivas to second
|
Batting: RHB Si-xun Li
|
0-0: Ball 1-0: 2-RUN HOME RUN (Flyball, 78XD), Distance : 378 ft
|
Batting: RHB Benjamin Lawson
|
0-0: Foul Ball, location: 2F 0-1: Ball 1-1: Foul Ball, location: 2F 1-2: Foul Ball, location: 2F 1-2: Ball 2-2: Ball 3-2: Strikes out swinging, 2-3 out at first.
|
Top of the 7th over - 3 run(s), 3 hit(s), 0 error(s), 0 left on base; New Hampshire 3 - Gainesville 6 |
BOTTOM OF THE 7TH |
Gainesville Guidos batting - Pitching for New Hampshire Fisher Cats : RHP Jesús Ortíz
|
Batting: RHB Doug Coleman
|
0-0: Foul Ball, location: 2F 0-1: Ball 1-1: Foul Ball, location: 2F 1-2: Foul Ball, location: 2F 1-2: Ball 2-2: SINGLE (Groundball, 6D)
|
Batting: RHB Kurt Walter
|
0-0: Called Strike 0-1: Foul Ball, location: 2F 0-2: Ball 1-2: Ball 2-2: Foul Ball, location: 2F 2-2: Strikes out swinging
|
Pitching: RHP Dave Hammond
|
|
Batting: RHB Lynn Ford
|
0-0: Foul Ball, location: 2F 0-1: Foul Ball, location: 2F 0-2: SINGLE (Groundball, 56) Doug Coleman to second
|
Batting: SHB Will Evans
|
0-0: Ball 1-0: Ball 2-0: Ball 3-0: Called Strike 3-1: Called Strike 3-2: Base on Balls Doug Coleman to third Lynn Ford to second
|
Pinch Hitting: LHB Eddy Jefferson
|
0-0: Called Strike 0-1: Fielders Choice at 2nd, 3-6 (Groundball, 3) Doug Coleman scores Lynn Ford to third
|
Batting: RHB Júlio Galló
|
0-0: Foul Ball, location: 2F 0-1: Ball 1-1: Swinging Strike 1-2: Foul Ball, location: 2F 1-2: Foul Ball, location: 2F 1-2: Strikes out swinging
|
Bottom of the 7th over - 1 run(s), 2 hit(s), 0 error(s), 2 left on base; New Hampshire 3 - Gainesville 7 |
TOP OF THE 8TH |
New Hampshire Fisher Cats batting - Pitching for Gainesville Guidos : RHP John Jones
|
Pitching: RHP Josh Higgins
|
|
Now in RF: Mark McDonald
|
|
Batting: LHB Tony Rivera
|
0-0: Swinging Strike 0-1: Hit by Pitch
|
Batting: SHB Keith Gratton
|
0-0: Called Strike 0-1: Ground out 5-3 (Groundball, 56S) Tony Rivera to second
|
Batting: RHB Franklin Lawrence
|
0-0: Ball 1-0: Ground out 6-3 (Groundball, 6) Tony Rivera to third
|
Batting: RHB Michael Kent
|
0-0: Ball 1-0: Called Strike 1-1: Foul Ball, location: 2F 1-2: Foul Ball, location: 2F 1-2: Foul Ball, location: 2F 1-2: Strikes out swinging
|
Top of the 8th over - 0 run(s), 0 hit(s), 0 error(s), 1 left on base; New Hampshire 3 - Gainesville 7 |
BOTTOM OF THE 8TH |
Gainesville Guidos batting - Pitching for New Hampshire Fisher Cats : RHP Dave Hammond
|
Batting: RHB Iván Moreno
|
0-0: Foul Ball, location: 2F 0-1: Ball 1-1: Ball 2-1: Ground out 5-3 (Groundball, 56)
|
Batting: RHB John Little
|
0-0: Ball 1-0: Ball 2-0: Ground out 4-3 (Groundball, 34)
|
Batting: LHB Mark Owens
|
0-0: Ball 1-0: Swinging Strike 1-1: Foul Ball, location: 2F 1-2: Ball 2-2: Foul Ball, location: 2F 2-2: Strikes out swinging
|
Bottom of the 8th over - 0 run(s), 0 hit(s), 0 error(s), 0 left on base; New Hampshire 3 - Gainesville 7 |
TOP OF THE 9TH |
New Hampshire Fisher Cats batting - Pitching for Gainesville Guidos : RHP Josh Higgins
|
Batting: RHB Anthony Hezell
|
0-0: Ball 1-0: Ball 2-0: Called Strike 2-1: Foul Ball, location: 2F 2-2: Ball 3-2: Base on Balls
|
Batting: LHB Cam Flowers
|
0-0: Swinging Strike 0-1: Ball 1-1: Swinging Strike 1-2: Ball 2-2: Strikes out looking
|
Batting: RHB Felipe Rivas
|
0-0: Ball 1-0: Foul Ball, location: 2F 1-1: Swinging Strike 1-2: Foul Ball, location: 2F 1-2: Ground out 4-3 (Groundball, 4M) Anthony Hezell to second
|
Batting: RHB Si-xun Li
|
0-0: Called Strike 0-1: Called Strike 0-2: Ball 1-2: Ball 2-2: Strikes out swinging
|
Top of the 9th over - 0 run(s), 0 hit(s), 0 error(s), 1 left on base; New Hampshire 3 - Gainesville 7 |
|